 Dungeon Crawl Stone Soup version 0.17.0-23-g0de4337 (console) character file.

35 gw the Magician (level 3, 0/20 HPs)
             Began as a Deep Elf Wizard on Nov 13, 2015.
             Slain by a kobold
             ... wielding a +0 club
              (2 damage)
             ... on level 2 of the Dungeon.
             The game lasted 00:02:05 (1634 turns).

gw the Magician (Deep Elf Wizard)                   Turns: 1634, Time: 00:02:05

Health: 0/20       AC:  3    Str:  4    XL:     3   Next: 17%
Magic:  11/11      EV: 11    Int: 23    God:
Gold:   30         SH:  0    Dex: 13    Spells: 1 memorised, 10 levels left

rFire  . . .     SeeInvis .     a - +0 dagger (speed)
rCold  . . .     Clarity  .     g - +0 leather armour
rNeg   . . .     SustAt   .     (no shield)
rPois  .         Gourm    .     b - +0 hat
rElec  .         Spirit   .     (no cloak)
rCorr  .         Warding  .     (no gloves)
rMut   .         Stasis   .     (no boots)
MR     .....                    l - amulet of rage
Stlth  ++........               (no ring)
                                (no ring)

@: not resistant to hostile enchantments, unstealthy
A: no striking features
a: Evoke Berserk Rage


You were on level 2 of the Dungeon.
You were not hungry.

You visited 1 branch of the dungeon, and saw 2 of its levels.

You collected 30 gold pieces.

Inventory:

Hand Weapons
 a - a +0 dagger of speed (weapon)
Armour
 b - a +0 hat (worn)
 g - a +0 leather armour (worn)
Jewellery
 l - an amulet of rage (around neck)
Potions
 e - a potion of cure mutation {unknown}
Books
 c - a book of Minor Magic

   Spells                             Type                      Level
   a - Magic Dart                     Conjuration                  1
   b - Blink                          Translocation                2
   c - Call Imp                       Summoning                    2
   d - Repel Missiles                 Charms/Air                   2
   e - Slow                           Hexes                        2
   f - Conjure Flame                  Conjuration/Fire             3
   g - Mephitic Cloud                 Conjuration/Poison/Air       3
Comestibles
 d - a bread ration
 f - a royal jelly
 i - a beef jerky
 j - 3 fruits
 k - a meat ration


   Skills:
 + Level 0.4 Fighting
 + Level 0.0 Short Blades
 + Level 2.8 Dodging
 - Level 2.4 Stealth
 + Level 4.6 Spellcasting
 * Level 2.6 Conjurations
   Level 1.1 Summonings
   Level 1.1 Translocations


You had 10 spell levels left.
You knew the following spells:

 Your Spells              Type           Power        Failure   Level  Hunger
a - Magic Dart            Conj           ###.         8%          1    None


Dungeon Overview and Level Annotations

Branches:
Dungeon (2/15)

Altars:


Message History

The kobold hits you with a club.
MOVING TO (-6,1)
The quokka bites you but does no damage.
The kobold hits you but does no damage.
MOVING TO (-5,1)
The quokka barely misses you.
MOVING TO (-4,1)
The quokka bites you but does no damage.
MOVING TO (-3,1) MOVING TO (-2,1)
A giant gecko comes into view.
MOVING TO (-1,1) MOVING TO (-1,-1)
The quokka bites you but does no damage.
Found a fizzy yellow potion.
MOVING TO (7,1)
The kobold misses you. The quokka closely misses you.
MOVING TO (6,0)
The kobold hits you with a club.
You die...

.##.....# #..... ..#.#####
#.... ....# #####...
..#.#######.....l######
.##...%...............###
......)............!....
##.########......####.##
.#...#...?# #.r.......#
.....#....# #..e......##
.#...#....# #..K.......###
##...#....# #............#
.....#....# #............#
.....#....# #............#
...).#....# #............#
.#........# #............#
.#..%.....####.)......###.#
.#....................# ..#


You could see a giant gecko, a quokka and a kobold.

Table legend:
 A = Turns spent in this place as a percentage of turns spent in the entire game.
 B = Non-inter-level travel turns spent in this place as a percentage of non-inter-level travel turns spent in the entire game.
 C = Inter-level travel turns spent in this place as a percentage of turns spent in this place.
 D = Turns resting spent in this place as a percentage of non-inter-level travel turns spent in this place.
 E = Turns spent auto-exploring this place as a percentage of non-inter-level travel turns spent in this place.
 F = Non-inter-level travel turns spent in this place divided by the number of levels of this place that you've seen.
                   A       B       C       D       E      F
               +-------+-------+-------+-------+-------+----------------------
         Total | 100.0 | 100.0 |   0.3 |   3.3 |   2.4 | 988.5
       Dungeon | 100.0 | 100.0 |   0.3 |   3.3 |   2.4 | 988.5
               +-------+-------+-------+-------+-------+----------------------

Table legend:
 A = Kills in this place as a percentage of kills in entire the game.
 B = Kills by you in this place as a percentage of kills by you in the entire game.
 C = Kills by friends in this place as a percentage of kills by friends in the entire game.
 D = Other kills in this place as a percentage of other kills in the entire game.
 E = Experience gained in this place as a percentage of experience gained in the entire game.
 F = Experience gained in this place divided by the number of levels of this place that you have seen.
                   A       B       C       D       E      F
               +-------+-------+-------+-------+-------+----------------------
         Total | 100.0 | 100.0 |  -nan |  -nan | 100.0 |  25.5
       Dungeon | 100.0 | 100.0 |  -nan |  -nan | 100.0 |  25.5
               +-------+-------+-------+-------+-------+----------------------

Vanquished Creatures
  3 giant cockroaches
  6 goblins
  7 hobgoblins
  3 ball pythons
  5 bats
  2 giant newts (D:1)
  6 kobolds
  5 rats
37 creatures vanquished.

Notes
Turn   | Place    | Note
--------------------------------------------------------------
     0 | D:1      | gw the Deep Elf Wizard began the quest for the Orb.
     0 | D:1      | Reached XP level 1. HP: 10/10 MP: 7/7
   401 | D:1      | Reached XP level 2. HP: 15/15 MP: 6/9
  1490 | D:2      | Reached XP level 3. HP: 18/20 MP: 8/11
  1634 | D:2      | Slain by a kobold

Action                   || total
-------------------------++-------
Melee: Dagger            ||     5
 Cast: Magic Dart        ||    73
  Use: Scroll            ||     1
       Potion            ||     1
  Eat: Chunk             ||     2

Vault maps used:
D:1:      nicolae_arrival_washed_ashore, minmay_bisected
D:2:      nemelex_deck, hangedman_decor_clover_reticule, minmay_cupped
